 Dungeon Crawl Stone Soup version 0.28.0-1-gb440e238dd (webtiles) character file.

Game seed: 14932330945226519534

118 graymark the Conjurer (level 4, -9/24 HPs)
             Began as a Deep Elf Conjurer on Feb 22, 2022.
             Killed by divine providence
             ... invoked by an orc priest
              (12 damage)
             ... on level 3 of the Dungeon.
             The game lasted 00:06:48 (3369 turns).

graymark the Conjurer (Deep Elf Conjurer)           Turns: 3369, Time: 00:06:48

Health: -9/24      AC:  4    Str:  4    XL:     4   Next: 72%
Magic:  2/12       EV: 12    Int: 25    God:
Gold:   140        SH:  0    Dex: 13    Spells: 2/12 levels left

rFire   . . .      SeeInvis .   c - +0 dagger
rCold   . . .      Faith    .   (no shield)
rNeg    . . .      Spirit   .   a - +0 robe
rPois   .          Reflect  .   (no helmet)
rElec   .          Harm     .   (no cloak)
rCorr   .          Rampage  .   i - +1 pair of gloves
Will    .....                   (no boots)
Stlth   ++........              (no amulet)
HPRegen 0.08/turn               (no ring)
MPRegen 0.13/turn               (no ring)

@: no status effects
A: no striking features
a: no special abilities


You were on level 3 of the Dungeon.
You visited 1 branch of the dungeon, and saw 3 of its levels.

You collected 140 gold pieces.

Inventory:

Hand Weapons
 c - a +0 dagger (weapon)
Armour
 a - a +0 robe (worn)
 i - a +1 pair of gloves (worn)
Magical Staves
 e - a staff of earth
Jewellery
 m - an amulet of the acrobat
Scrolls
 d - a scroll of silence {unknown}
 l - a scroll of identify {unknown}
Potions
 b - a potion of heal wounds {unknown}
 f - a potion of brilliance {unknown}
 g - 2 potions of might {unknown}
 h - 3 potions of curing
 j - a potion of haste {unknown}
 k - a potion of mutation {unknown}
 n - a potion of flight {unknown}


   Skills:
 - Level 2.4 Dodging
 - Level 3.3 Stealth
 + Level 4.5 Spellcasting
 + Level 5.3 Conjurations
 + Level 2.2 Hexes


You had 2 spell levels left.
You knew the following spells:

 Your Spells              Type           Power      Damage    Failure   Level
a - Magic Dart            Conj           100%       1d8       1%          1
b - Searing Ray           Conj           64%        2d6       1%          2
c - Dazzling Flash        Conj/Hex       48%        N/A       5%          3
d - Fulminant Prism       Conj/Hex       12%        3d9       19%         4

Your spell library contained the following spells:

 Spells                   Type           Power      Damage    Failure   Level
 Gell's Gravitas          Tloc           5%         N/A       26%         3
 Teleport Other           Tloc           5%         N/A       26%         3
 Iskenderun's Mystic Bla  Conj/Tloc      19%        2d6       28%         4
 Conjure Ball Lightning   Conj/Air       9%         3x3d6     99%         6
 Dispersal                Tloc           2%         N/A       100%        6
 Discord                  Hex            8%         N/A       100%        8
 Disjunction              Tloc           2%         N/A       100%        8


Dungeon Overview and Level Annotations

Branches:
Dungeon (3/15)

Altars:
Kikubaaqudgha

Shops:
D:2 :


Message History

Unknown command.
Unknown command.
You barely miss the orc priest.
The orc priest is heavily wounded.
You hit the orc priest.
The orc priest is heavily wounded.
The orc priest closely misses you.
You hit the orc priest but do no damage.
The orc priest is heavily wounded.
The orc priest invokes the aid of Beogh against you.
Beogh smites you!
Ouch! That really hurt!
You are too injured to fight recklessly!
You are too injured to fight recklessly!
You completely miss the orc priest.
The orc priest is heavily wounded.
The orc priest hits you with a +0 dagger.
You hit the orc priest.
The orc priest is severely wounded.
The orc priest hits you but does no damage.
You barely miss the orc priest.
The orc priest is severely wounded.
The orc priest hits you but does no damage.
You completely miss the orc priest.
The orc priest is severely wounded.
The orc priest hits you but does no damage.
You closely miss the orc priest.
The orc priest is severely wounded.
The orc priest hits you with a +0 dagger.
* * * LOW HITPOINT WARNING * * *
You closely miss the orc priest.
The orc priest is heavily wounded.
The orc priest hits you with a +0 dagger.
* * * LOW HITPOINT WARNING * * *
You barely miss the orc priest.
The orc priest is heavily wounded.
The orc priest invokes the aid of Beogh against you.
Beogh smites you!
Ouch! That really hurt!
You die...

#.####.... #.# #....
#.## #.... #..# #....
##.# ###.. #.# #...
#.# #..#
#)###########.####..#
#..o@<......<.......#
#.)##########........
..). #######.. ####
#.. #..# ####.. #..#
#..... #..# #.####
#..# #.# #..# #.#


You could see an orc priest.

Vanquished Creatures
  An orc wizard (D:3)
  2 adders
  A worm (D:2)
  2 dart slugs
  6 orcs (D:3)
  4 ball pythons
  4 bats
  2 endoplasms (D:2)
  A giant cockroach (D:3)
  5 goblins
  6 hobgoblins
  3 jackals (D:2)
  6 quokkas
  8 frilled lizards
  4 kobolds (D:3)
  3 rats
58 creatures vanquished.

Notes
Turn   | Place    | Note
-------+----------+-------------------------------------------
     0 | D:1      | graymark the Deep Elf Conjurer began the quest for the Orb.
     0 | D:1      | Reached XP level 1. HP: 10/10 MP: 6/6
   273 | D:1      | Reached XP level 2. HP: 15/15 MP: 8/8
   971 | D:2      | Found a faded altar of an unknown god.
  1176 | D:2      | Reached XP level 3. HP: 13/19 MP: 7/10
  1182 | D:2      | Learned a level 2 spell: Searing Ray
  1186 | D:2      | Learned a level 3 spell: Dazzling Flash
  1351 | D:2      | Found an ancient bone altar of Kikubaaqudgha.
  1836 | D:2      | Reached skill level 5 in Conjurations
  1836 | D:2      | Reached skill level 1 in Hexes
  1939 | D:2      | Found Nybast's Book Boutique.
  2391 | D:3      | Reached XP level 4. HP: 24/24 MP: 10/12
  2415 | D:3      | Noticed an ice beast
  2418 | D:3      | Learned a level 4 spell: Fulminant Prism
  2466 | D:3      | HP: 1/24 [ice beast (13)]
  3369 | D:3      | Killed from afar by an orc priest

Illustrated notes

Levels and vault maps discovered:
D:1:      co_arrival_square_in_a_square_in_a_square, layout_rooms
D:2:      layout_loops_corners, hellmonk_ecumenical_altar_inner_sanctum,
          serial_shops, shop_statue, basic_altar
D:3:      layout_loops_ring, minmay_close_crescents

Skill      XL: |  1  2  3  4 |
---------------+-------------+-----
Stealth        | 3 |  3.3
Spellcasting   | 4 |  4.5
Conjurations   | 5 |  5.3
Hexes          | 1 2 |  2.2
Dodging        | |  2.4

Action                   |  1- 3 |  4- 6 || total
-------------------------+-------+-------++-------
Melee: Dagger            |    16 |    11 ||    27
       Unarmed           |     3 |       ||     3
 Cast: Magic Dart        |    75 |    35 ||   110
       Searing Ray       |       |     9 ||     9
 Stab: Sleeping          |     3 |       ||     3
Armor: Robe              |     5 |     6 ||    11
Dodge: Dodged            |    12 |     5 ||    17
